 Dungeon Crawl Stone Soup version 0.30-b1-2-g02819fbbbe (webtiles) character file.

Game seed: 10649098748808806157

15 Alarkh the Charlatan (level 2, 23/23 HPs)
             Began as a Demonspawn Artificer on Nov 27, 2023.
             Got out of the dungeon alive.
             The game lasted 00:00:40 (366 turns).

Alarkh the Charlatan (Demonspawn Artificer)          Turns: 366, Time: 00:00:41

Health: 23/23      AC:  3    Str: 12    XL:     2   Next: 34%
Magic:  2/2        EV: 11    Int: 12    God:
Gold:   35         SH:  0    Dex: 15    Spells: 1/1 levels left

rFire   . . .        a - +0 quarterstaff
rCold   . . .        (shield currently unavailable)
rNeg    . . .        b - +0 leather armour
rPois   .            (no helmet)
rElec   .            (no cloak)
rCorr   .            (no gloves)
SInv    .            (no boots)
Will    .....        (no amulet)
Stlth   ++           (no ring)
HPRegen 0.23/turn    (no ring)
MPRegen 0.08/turn

%: no passive effects
@: no status effects
A: thin skeletal structure 1
a: no special abilities


You escaped.
You visited 1 branch of the dungeon, and saw 2 of its levels.

You collected 35 gold pieces.

Inventory:

Hand Weapons
 a - a +0 quarterstaff (weapon)
 h - a +0 club
Armour
 b - a +0 leather armour (worn)
 i - an orb of wrath
Wands
 c - a wand of flame (12) (quivered)
 d - a wand of charming (15)
 e - a wand of iceblast (5)
Scrolls
 f - a scroll of identify {unknown}
 g - a scroll of butterflies {unknown}
 j - a scroll of enchant armour {unknown}
 k - a scroll of teleportation {unknown}
Potions
 l - a potion of degeneration {unknown}


   Skills:
 + Level 2.4 Fighting
 - Level 1.7 Armour
 - Level 0.8 Dodging
 - Level 0.8 Stealth
 - Level 3.0 Evocations


You had one spell level left.
You didn't know any spells.
Your spell library was empty.

Dungeon Overview and Level Annotations

Branches:
Dungeon (2/15)

Altars:


Innate Abilities, Weirdness & Mutations

You have a somewhat thin skeletal structure. (Dex +2, Stealth+)


Message History

You now have 22 gold pieces (gained 9).
You now have 35 gold pieces (gained 13).
l - a pink potion No target in view!
There is a stone staircase leading up here.
You climb upwards.
Found a smoky cyan potion.
There is a stone staircase leading down here.
The helpless bat fails to defend itself.
You hit the bat.
You kill the bat!
The rat barely misses you.
You hit the rat.
You kill the rat!
No target in view!
A rat comes into view.
You can't go up here!
A dart slug comes into view.
The rat bites you but does no damage.
You barely miss the rat. The rat closely misses you.
You hit the rat.
You kill the rat!
The helpless dart slug fails to defend itself.
You sock the dart slug!
The dart slug is severely wounded.
The dart slug launches a dart at you.
The slug dart hits you but does no damage.
You hit the dart slug.
The dart slug is almost dead.
The dart slug bites you.
You thump the dart slug!
You kill the dart slug!
No target in view!
(D) Dungeon
Where to? (Enter - D:1 @ (x,y), ? - help)
Okay, then.
HP restored.
There is a staircase leading out of the dungeon here.
Are you sure you want to leave the Dungeon?
This will make you lose the game!
You have escaped!

#.##### # #.....# ##.
####.###.# ..### #....#
#†# #...#####.###.###.#
#.....###.........#
##........####.#####
#.........# #...
##....@....# #####
#....♣....##
#.........###
#........##.#
#..###.....##.#########
#. ###...##.....?...#
####)...#...##.#
#.#...###.# #........#
...


There were no monsters in sight!

Vanquished Creatures
  A dart slug (D:1)
  An endoplasm (D:1)
  A goblin (D:2)
  A hobgoblin (D:1)
  2 kobolds
  A ball python (D:1)
  2 bats
  2 frilled lizards (D:2)
  2 rats (D:1)
13 creatures vanquished.

Notes
Turn   | Place    | Note
-------+----------+-------------------------------------------
     0 | D:1      | Alarkh the Demonspawn Artificer began the quest for the
                  | Orb.
     0 | D:1      | Reached XP level 1. HP: 15/15 MP: 1/1
    60 | D:1      | You fall into a shaft and drop 1 floor!
   141 | D:2      | Gained mutation: You have a somewhat thin skeletal
                  | structure. (Dex +2, Stealth+) [demonic ancestry]
   141 | D:2      | Reached XP level 2. HP: 6/22 MP: 2/2
   366 | D:$      | Got out of the dungeon alive.

Illustrated notes

Levels and vault maps discovered:
D:1:      spicycebolla_green_bress_n_ham, layout_loops_corners,
          palyth_stone_intersect, chequers_mini_garden
D:2:      layout_basic

Skill      XL: |  1 |
---------------+----+-----
Fighting       | 2 |  2.4
Armour         | |  1.7
Dodging        | |  0.8
Stealth        | |  0.8
Evocations     | |  3.0

Action                     || total
---------------------------++-------
  Melee: Club              ||    16
         Quarterstaff      ||    14
  Evoke: Wand              ||     3
   Stab: Distracted        ||     1
         Sleeping          ||     2
 Armour: Leather armour    ||     8
  Dodge: Dodged            ||    24
